tsadok, neutral female human Valkyrie ------ |....| |>.... --------#@####### |)^..| |......|o --.-.-# |......|# ## # |......|# # ###|..<....## ....- ### #.......|# | # --------# ############# tsadok the Skirmisher Experience level: 3 Strength: 14 Dexterity: 14 Constitution: 17 Intelligence: 9 Wisdom: 10 Charisma: 10 Health: 0(27) Energy: 8(8) Def: 9 Gold: 197 Moves: 2585 Dungeon seed: 7IlqCOXdn91ZxG_i Game ID: tsadok_1429824090 Your Inventory: Coins $ - 197 gold pieces Weapons a - an uncursed +1 spear (weapon in hand) c - 26 uncursed +0 darts (in quiver) d - an uncursed +0 dagger Armor e - an uncursed +3 small shield (being worn) n - an uncursed +1 studded leather armor (being worn) r - an uncursed +0 pair of low boots N - an uncursed +0 elven leather helm (being worn) Comestibles o - 2 uncursed eucalyptus leaves D - an uncursed sprig of wolfsbane Rings i - a cursed ring of teleportation named b.C A - a cursed -3 ring of gain constitution Tools b - an uncursed sack k - an uncursed skeleton key w - an uncursed magic whistle y - an uncursed stethoscope z - an uncursed blindfold F - an uncursed tin whistle L - an uncursed oil lamp (0:1329) T - an uncursed tinning kit (0:50) Gems q - 3 uncursed worthless pieces of yellow glass U - 2 uncursed worthless pieces of green glass Y - an uncursed worthless piece of blue glass Contents of the sack: 951 gold pieces a cursed scroll of destroy armor an uncursed scroll of gold detection 2 uncursed scrolls of identify a cursed scroll of identify an uncursed scroll of scare monster an uncursed scroll of scare monster an uncursed potion of full healing an uncursed potion of restore ability an uncursed potion of see invisible a potion of unholy water Spells known in the end: Name Level Category Fail Memory Your skills at the end: Fighting Skills Weapon Skills dagger [Basic] spear [Basic] Spellcasting Skills Final Attributes: You were devoutly aligned. You were cold resistant. You were stealthy. You could fly. You are dead. Vanquished creatures: a small mimic a shrieker a gnomish wizard 2 homunculi 6 hill orcs a monkey an orc zombie an iguana an acid blob a large kobold 3 geckos 6 jackals a fox 4 kobolds a sewer rat 4 grid bugs 4 lichens a kobold zombie 5 newts 45 creatures vanquished. Voluntary challenges: You were an atheist. You used a wielded weapon 43 times, starting on turn 54. You read items or engraved 2 times, starting on turn 986. You never genocided any monsters. You never polymorphed an object. You never changed form. You used no wishes. You never split a pudding. You never wrote Elbereth's name. You never violated your personal moral code. Dungeon overview: The Dungeons of Doom: levels 1 to 9 Level 1 a long staircase Level 2 some fountains Level 3 stairs to The Gnomish Mines Level 4 a hardware shop Level 5 a general store, a fountain, a sink Level 6 some fountains Level 7 <- You were here Level 8 a fountain Level 9 a fountain The Gnomish Mines: Level 4 stairs to The Dungeons of Doom History has recorded: On T:1 you entered the Dungeons of Doom to retrieve the Amulet of Yendor! On T:220 you reached level 2 of The Dungeons of Doom. On T:341 you reached level 3 of The Dungeons of Doom. On T:791 you reached level 1 of The Gnomish Mines. On T:1079 you reached level 4 of The Dungeons of Doom. On T:1284 you reached level 5 of The Dungeons of Doom. On T:1367 you advanced to experience level 2. On T:1569 you advanced to experience level 3. On T:1786 you reached level 6 of The Dungeons of Doom. On T:2346 you reached level 7 of The Dungeons of Doom. On T:2426 you reached level 8 of The Dungeons of Doom. On T:2456 you reached level 9 of The Dungeons of Doom. Score breakdown: Gold: 1148 (10410 points) Experience: 3 levels ( 7878 points) Exploration: 9 levels ( 19.15%) (12510 points) Discoveries: 4 items ( 1.63%) ( 3825 points) Valuables value: (no points given unless you survive) Artifact value: 0 ( 0 points) Variety of kills: 19 monsters ( 5.01%) ( 6717 points) Time penalty: 2585 turns ( -380 points) Survival: died (score multiplied by 80%) Total score: 32768 Latest messages: You hit the hill orc. The hill orc swings her scimitar. The hill orc hits! You die... Final status: Farvel tsadok the Valkyrie, killed by a hill orc... You died in The Dungeons of Doom on dungeon level 7 with 32768 points, and 1148 pieces of gold, after 2585 moves. You were level 3 with a maximum of 27 hit points when you died.